 Dungeon Crawl Stone Soup version 0.30-a0-242-g7bf8e6d787 (webtiles) character file.

Game seed: 13812072976227509260

135 purpskrrrp the Chopper (level 4, -3/31 (34) HPs)
             Began as a Demonspawn Reaver on Oct 11, 2022.
             Was a Follower of Jiyva.
             Slain by an orc wizard
             ... wielding a +2 dagger of venom
              (5 damage)
             ... on level 3 of the Dungeon.
             The game lasted 00:04:09 (1504 turns).

purpskrrrp the Chopper (Demonspawn Reaver)          Turns: 1504, Time: 00:04:09

HP:   -3/31 (34)    AC:  3    Str: 14    XL:     4   Next: 96%
MP:   7/7           EV: 13    Int: 15    God:    Jiyva [*.....]
Gold: 76            SH:  0    Dex: 11    Spells: 7/8 levels left

rFire   . . .      SeeInvis .    a - +1 hand axe
rCold   . . .      Faith    .    (no shield)
rNeg    . . .      Spirit   .    b - +0 leather armour
rPois   .          Reflect  +    (no helmet)
rElec   .          Harm     .    (no cloak)
rCorr   .          Rampage  .    (no gloves)
Will    .....                    (no boots)
Stlth   +.........               d - amulet of reflection
HPRegen 1.05/turn                (no ring)
MPRegen 0.35/turn                (no ring)

@: confused, lethally poisoned (-3 -> -9), drained
A: claws 1, repulsion field 1, spiny 1
a: Renounce Religion


You were on level 3 of the Dungeon.
You worshipped Jiyva.
Jiyva was aware of your devotion.
You visited 1 branch of the dungeon, and saw 3 of its levels.

You collected 76 gold pieces.

Inventory:

Hand Weapons
 a - a +1 hand axe (weapon)
 f - a +2 dagger of pain
Armour
 b - a +0 leather armour (worn)
Jewellery
 d - an amulet of reflection (around neck)
Scrolls
 c - 2 scrolls of teleportation {unknown}
 g - a scroll of immolation {unknown}
 h - a scroll of identify
Potions
 e - a potion of berserk rage {unknown}
 i - a potion of attraction {unknown}


   Skills:
 + Level 2.9 Fighting
 * Level 3.6 Axes
 + Level 2.2 Dodging
 + Level 2.5 Spellcasting
 + Level 3.3 Conjurations
 + Level 1.6 Necromancy


You had 7 spell levels left.
You knew the following spells:

 Your Spells              Type           Power      Damage    Failure   Level
a - Kiss of Death         Conj/Necr      36%        2d8       10%         1

Your spell library contained the following spells:

 Spells                   Type           Power      Damage    Failure   Level
 Momentum Strike          Conj/Tloc      12%        3d8       21%         2
 Sting                    Tmut/Pois      4%         1d3       26%         1
 Poisonous Vapours        Pois/Air       2%         N/A       38%         2
 Hailstorm                Conj/Ice       6%         3d4       38%         3
 Olgreb's Toxic Radiance  Pois           1%         N/A       95%         4
 Chain Lightning          Conj/Air       3%         3d4       100%        9
 Fire Storm               Conj/Fire      3%         8d1       100%        9
 Shatter                  Erth           0%         3d5*      100%        9


Dungeon Overview and Level Annotations

Branches:
Dungeon (3/15)

Altars:
Jiyva


Innate Abilities, Weirdness & Mutations

You have sharp fingernails.
You are surrounded by a mild repulsion field. (EV +2)
You are partially covered in sharp spines.


Message History

Things that are here:
a +0 hand axe; an orc corpse A quokka comes into view.
You closely miss the orc. The orc is struck by your spines.
The orc hits you with a +0 mace.
You hit the orc.
The orc is almost dead.
The orc wizard mumbles some strange words.
The orc wizard flickers and vanishes!
Deactivating autopickup; reactivate with Ctrl-A.
The orc is struck by your spines.
You kill the orc!
Something hits you.
You are poisoned.
Things that are here:
a +0 mace; a scroll labelled HIEFRO SECK; 10 gold pieces You hit something.
You feel very sick. Something hits you.
You are more poisoned.
You miss something.
You feel very sick. Something barely misses you.
You hit something but do no damage.
You feel very sick. You block something's attack.
You miss something.
You feel very sick.
You hear some strange, mumbled words.
You are confused.
You closely miss something.
You feel sick. Something hits you.
* * * LOW HITPOINT WARNING * * *
You barely miss something.
You feel sick. Something hits you.
* * * LOW HITPOINT WARNING * * *
You are lethally poisoned!
You completely miss something.
* * * LOW HITPOINT WARNING * * *
You feel very sick. Something hits you.
You die...

#.# # #.# .. #.#
.##+## ##+##.#
.##...# #...#.#
.....⌠[## ##.⌠.'.#
.# #....# #....#)#
## #...###...##.#
#....#....##@# #
#.......###{# #
#.>.⌠.<.# #o#
######.......# #r.
....#....#....##..
...##...###...##..#
...#....# #....#..#
...'.⌠.#####.⌠.+.##
...#...#..##...#


You could see an orc and a quokka.

Vanquished Creatures
  Jessica (D:2)
  3 gnolls (D:2)
  An adder (D:2)
  2 worms (D:2)
  3 dart slugs
  2 orcs (D:3)
  6 ball pythons
  10 bats
  2 endoplasms
  4 giant cockroaches
  5 goblins
  6 hobgoblins
  3 kobolds (D:1)
  3 quokkas
  4 rats
55 creatures vanquished.

Notes
Turn   | Place    | Note
-------+----------+-------------------------------------------
     0 | D:1      | purpskrrrp the Demonspawn Reaver began the quest for the
                  | Orb.
     0 | D:1      | Reached XP level 1. HP: 16/16 MP: 3/3
    79 | D:1      | Gained mutation: You are surrounded by a mild repulsion
                  | field. (EV +2) [demonic ancestry]
    79 | D:1      | Reached XP level 2. HP: 18/22 MP: 5/5
   603 | D:1      | Gained mutation: You are partially covered in sharp spines.
                  | [demonic ancestry]
   603 | D:1      | Reached XP level 3. HP: 28/28 MP: 6/6
   814 | D:2      | Reached skill level 1 in Necromancy
   819 | D:2      | Gained mutation: You have sharp fingernails. [demonic
                  | ancestry]
   819 | D:2      | Reached XP level 4. HP: 31/34 MP: 7/7
   834 | D:2      | You fall into a shaft and drop 1 floor!
  1302 | D:2      | Found a faded altar of an unknown god.
  1305 | D:2      | Noticed Jessica
  1310 | D:2      | Killed Jessica
  1314 | D:2      | Prayed at the altar of an unknown god.
  1314 | D:2      | Became a worshipper of Jiyva Jacoghoe the Shapeless
  1314 | D:2      | Reached * piety under Jiyva
  1504 | D:3      | Slain by an orc wizard

Illustrated notes

Levels and vault maps discovered:
D:1:      evilmike_arrival_rings, layout_rooms
D:2:      layout_loops_cross, hellmonk_ecumenical_altar_crossroads, uniq_jessica
D:3:      layout_basic, mainiacjoe_overflow_24_doors,
          mainiacjoe_overflow_alcove_4, okawaru_trees_1, grunt_ministairs_13,
          uniq_robin, uniq_natasha

Skill      XL: |  1  2  3 |
---------------+----------+-----
Axes           | 3 |  3.6
Dodging        | 2 |  2.2
Necromancy     | 1 |  1.6
Fighting       | |  2.9
Spellcasting   | |  2.5
Conjurations   | |  3.3

Action                   |  1- 3 |  4- 6 || total
-------------------------+-------+-------++-------
Melee: Hand axe          |   106 |    55 ||   161
 Cast: Kiss of Death     |     1 |     1 ||     2
  Use: Scroll            |     3 |       ||     3
Armor: Leather armour    |    42 |     9 ||    51
Dodge: Dodged            |   120 |    22 ||   142
Block: Other             |       |    13 ||    13

Table legend: (Time is in decaauts)
 A = Elapsed time spent in this place.
 B = Non-inter-level travel time spent in this place.
 C = Inter-level travel time spent in this place.
 D = Time resting spent in this place.
 E = Time spent auto-exploring this place.
 F = Levels seen in this place.
 G = Mean time per level.
                   A        B        C        D        E       F      G
               +--------+--------+--------+--------+--------+-----+--------+
         Total |   1528 |   1507 |     21 |     52 |   1066 |   3 |  509.3 |
       Dungeon |   1528 |   1507 |     21 |     52 |   1066 |   3 |  509.3 |
               +--------+--------+--------+--------+--------+-----+--------+

Top non-repeatable levels by time:
     D:1: 743 daAuts
     D:2: 703 daAuts
     D:3: 80 daAuts
